PBL
YORK REVOLUTION @ HAMILTON CARDINALS
10/04/2045
 
TOP OF THE 1ST
Columbus Reds batting - Pitching for Trois-Riveres Aigles : RHP Julian Black
Pitching: RHP Julian Black
Batting: LHB Keith Egan 0-0: Called Strike
0-1: Called Strike
0-2: Strikes out swinging
Batting: RHB Sang-ton Pak 0-0: Called Strike
0-1: Ball
1-1: Called Strike
1-2: Foul Ball, location: 2F
1-2: Foul Ball, location: 2F
1-2: Ball
2-2: Foul Ball, location: 2F
2-2: Strikes out swinging
Batting: RHB Pat McCoy 0-0: Called Strike
0-1: Ball
1-1: Ball
2-1: Foul Ball, location: 2F
2-2: Strikes out swinging
Top of the 1st over - 0 runs, 0 hits, 0 errors, 0 left on base; Columbus 0 - Trois-Riveres 0
BOTTOM OF THE 1ST
Trois-Riveres Aigles batting - Pitching for Columbus Reds : RHP Brian Trejo
Pitching: RHP Brian Trejo
Batting: LHB Jonathan Spino 0-0: Ball
1-0: Ball
2-0: Called Strike
2-1: Ball
3-1: Base on Balls
Batting: RHB Jose Arriola 0-0: Fly out, F9 (Line Drive, 9, EV 101.2 MPH)
Batting: LHB Darryl Gonnella 0-0: Ball
Jonathan Spino is caught stealing 2nd base 2-6
1-0: Called Strike
1-1: Ball
2-1: Called Strike
2-2: DOUBLE (Flyball, 8RXD, EV 94.4 MPH)
Batting: RHB Sesto Carpini 0-0: Called Strike
0-1: Ball
1-1: SINGLE (Groundball, 34D, EV 96.2 MPH)
Darryl Gonnella to third
Throwing error, E9
Darryl Gonnella scores
Sesto Carpini to second
Batting: LHB Harris Vink 0-0: Ball
1-0: Ball
2-0: Ball
3-0: Called Strike
3-1: Called Strike
3-2: Base on Balls
Batting: RHB Bobby Ross 0-0: SINGLE (Groundball, 6S, EV 63.1 MPH) (infield hit)
Sesto Carpini to third
Harris Vink to second
Batting: SHB Joshua Jackson 0-0: Ball
1-0: Ball
2-0: Called Strike
2-1: Ball
3-1: Base on Balls
Sesto Carpini scores
Harris Vink to third
Bobby Ross to second
Batting: RHB Jason Penfield 0-0: Called Strike
0-1: Swinging Strike
0-2: SINGLE (Line Drive, 8LS, EV 107.5 MPH)
Harris Vink scores
Bobby Ross to third
Joshua Jackson to second
Runner from 3rd tries for Home, SAFE, throw by CF to home
Batting: RHB Josh Harmon 0-0: Called Strike
0-1: Ball
1-1: Fielders Choice at 2nd, 6-4 (Groundball, 6, EV 88.1 MPH)
Bottom of the 1st over - 4 runs, 4 hits, 1 error, 2 left on base; Columbus 0 - Trois-Riveres 4
TOP OF THE 2ND
Columbus Reds batting - Pitching for Trois-Riveres Aigles : RHP Julian Black
Batting: LHB Tim Kirk 0-0: Ball
1-0: Called Strike
1-1: Called Strike
1-2: Foul Ball, location: 2F
1-2: Ball
2-2: Foul Ball, location: 2F
2-2: Strikes out swinging
Batting: RHB R.J. Romberg 0-0: Called Strike
0-1: Ball
1-1: Foul Ball, location: 2F
1-2: Strikes out looking
Batting: RHB Alex Villagomez 0-0: Ball
1-0: Ball
2-0: Called Strike
2-1: Fly out, F8 (Flyball, 8RD, EV 90.0 MPH)
Top of the 2nd over - 0 runs, 0 hits, 0 errors, 0 left on base; Columbus 0 - Trois-Riveres 4
BOTTOM OF THE 2ND
Trois-Riveres Aigles batting - Pitching for Columbus Reds : RHP Brian Trejo
Batting: LHB Jonathan Spino 0-0: Foul Ball, location: 2F
0-1: SINGLE (Line Drive, 78S, EV 93.1 MPH)
Batting: RHB Jose Arriola 0-0: Ball
1-0: Swinging Strike
1-1: Ball
Jonathan Spino steals 2nd base
2-1: SINGLE (Groundball, 6MD, EV 98.1 MPH)
Jonathan Spino to third
Batting: LHB Darryl Gonnella 0-0: Ball
1-0: Called Strike
1-1: Foul Ball, location: 2F
1-2: Foul Ball, location: 2F
1-2: Fly out, F7 (Line Drive, 7, EV 91.9 MPH)
Runner from 3rd tags up, SCORES, no throw by LF
Batting: RHB Sesto Carpini 0-0: Ball
1-0: Fielders Choice at 2nd, 4-6 (Groundball, 34, EV 84.4 MPH)
Batting: LHB Harris Vink 0-0: Ball
1-0: Swinging Strike
1-1: Foul Ball, location: 2F
1-2: DOUBLE (Groundball, 3L, EV 101.2 MPH)
Sesto Carpini to third
Runner from 3rd tries for Home, SAFE, throw by RF to trailing runner, SAFE at third!
Batting: RHB Bobby Ross 0-0: Called Strike
0-1: Ball
1-1: 2-RUN HOME RUN (Flyball, 9LD, EV 95.0 MPH), Distance : 346 ft
Pitching: RHP Elijah Benton
Batting: SHB Joshua Jackson 0-0: Ball
1-0: Ball
2-0: Foul Ball, location: 2F
2-1: Ball
3-1: Called Strike
3-2: Base on Balls
Batting: RHB Jason Penfield 0-0: SINGLE (Groundball, 6MD, EV 94.4 MPH)
Joshua Jackson to second
Batting: RHB Josh Harmon 0-0: Fly out, F9 (Flyball, 8RD, EV 86.2 MPH)
Bottom of the 2nd over - 4 runs, 5 hits, 0 errors, 2 left on base; Columbus 0 - Trois-Riveres 8
TOP OF THE 3RD
Columbus Reds batting - Pitching for Trois-Riveres Aigles : RHP Julian Black
Batting: RHB Fred Barbour 0-0: Ball
1-0: Called Strike
1-1: Foul Ball, location: 2F
1-2: Ground out 4-3 (Groundball, 4MD, EV 103.1 MPH)
Batting: RHB Mark Ortner 0-0: Called Strike
0-1: Called Strike
0-2: Strikes out looking
Batting: RHB Alex de Leon 0-0: Called Strike
0-1: Ball
1-1: Called Strike
1-2: Foul Ball, location: 2F
1-2: Foul Ball, location: 2F
1-2: Ball
2-2: Strikes out swinging
Top of the 3rd over - 0 runs, 0 hits, 0 errors, 0 left on base; Columbus 0 - Trois-Riveres 8
BOTTOM OF THE 3RD
Trois-Riveres Aigles batting - Pitching for Columbus Reds : RHP Elijah Benton
Batting: LHB Jonathan Spino 0-0: Called Strike
0-1: Called Strike
0-2: Ball
1-2: Ball
2-2: Fly out, F8 (Flyball, 8RXD, EV 93.1 MPH)
Batting: RHB Jose Arriola 0-0: Ball
1-0: Ball
2-0: Ball
3-0: Base on Balls
Batting: LHB Darryl Gonnella 0-0: Ball
1-0: Ball
2-0: Hit by Pitch
Jose Arriola to second
Batting: RHB Sesto Carpini 0-0: Ball
1-0: Ball
2-0: Called Strike
2-1: Called Strike
2-2: Foul Ball, location: 2F
2-2: Foul Ball, location: 2F
2-2: DOUBLE (Flyball, 8RXD, EV 103.1 MPH)
Jose Arriola scores
Darryl Gonnella to third
Runner from 3rd tries for Home, SAFE, throw by CF to home
Pitching: RHP Matt Cronin
Batting: LHB Harris Vink 0-0: Called Strike
0-1: Ball
1-1: Ball
2-1: Ball
3-1: Foul Ball, location: 2F
3-2: Strikes out swinging
Batting: RHB Bobby Ross 0-0: Ball
1-0: Ball
2-0: Ground out 4-3 (Groundball, 4M, EV 82.5 MPH)
Bottom of the 3rd over - 2 runs, 1 hit, 0 errors, 1 left on base; Columbus 0 - Trois-Riveres 10
TOP OF THE 4TH
Columbus Reds batting - Pitching for Trois-Riveres Aigles : RHP Julian Black
Batting: LHB Keith Egan 0-0: Ball
1-0: Ball
2-0: Called Strike
2-1: Called Strike
2-2: Ground out U3 (Groundball, 3S, EV 85.6 MPH)
Batting: RHB Sang-ton Pak 0-0: Ball
1-0: Called Strike
1-1: Called Strike
1-2: Ball
2-2: Strikes out swinging
Batting: RHB Pat McCoy 0-0: Fly out, F8 (Line Drive, 8RD, EV 96.9 MPH)
Top of the 4th over - 0 runs, 0 hits, 0 errors, 0 left on base; Columbus 0 - Trois-Riveres 10
BOTTOM OF THE 4TH
Trois-Riveres Aigles batting - Pitching for Columbus Reds : RHP Matt Cronin
Batting: SHB Joshua Jackson 0-0: Called Strike
0-1: Ball
1-1: Ball
2-1: Foul Ball, location: 2F
2-2: Ball
3-2: Foul Ball, location: 2F
3-2: DOUBLE (Line Drive, 5D, EV 101.2 MPH)
Batting: RHB Jason Penfield 0-0: Ball
1-0: Foul Ball, location: 2F
1-1: SINGLE (Flyball, 8RS, EV 98.1 MPH)
Joshua Jackson to third
Runner from 3rd tries for Home, throw by CF and OUT! 8-2
Pitching: RHP Kyle Vance
Batting: RHB Josh Harmon 0-0: Reached on error, E5 (Groundball, 56S, EV 86.2 MPH)
Jason Penfield to second
Batting: LHB Jonathan Spino 0-0: Ball
1-0: Foul Ball, location: 2F
1-1: Ball
2-1: Ball
3-1: Fielders Choice at 2nd, 4-6 (Groundball, 4, EV 86.2 MPH)
Jason Penfield to third
Batting: RHB Jose Arriola 0-0: Ball
1-0: Ball
2-0: Foul Ball, location: 2F
2-1: Foul Ball, location: 2F
2-2: Ball
3-2: Strikes out swinging
Bottom of the 4th over - 0 runs, 2 hits, 1 error, 2 left on base; Columbus 0 - Trois-Riveres 10
TOP OF THE 5TH
Columbus Reds batting - Pitching for Trois-Riveres Aigles : RHP Julian Black
Batting: LHB Tim Kirk 0-0: Ball
1-0: Foul Ball, location: 2F
1-1: Ball
2-1: Called Strike
2-2: Strikes out swinging
Batting: RHB R.J. Romberg 0-0: Called Strike
0-1: Ball
1-1: Swinging Strike
1-2: Strikes out swinging
Batting: RHB Alex Villagomez 0-0: Called Strike
0-1: Ball
1-1: Ball
2-1: Foul Ball, location: 2F
2-2: Foul Ball, location: 2F
2-2: Foul Ball, location: 2F
2-2: Strikes out swinging
Top of the 5th over - 0 runs, 0 hits, 0 errors, 0 left on base; Columbus 0 - Trois-Riveres 10
BOTTOM OF THE 5TH
Trois-Riveres Aigles batting - Pitching for Columbus Reds : RHP Kyle Vance
Batting: LHB Darryl Gonnella 0-0: Ground out 4-3 (Groundball, 4, EV 93.8 MPH)
Batting: RHB Sesto Carpini 0-0: Ball
1-0: Called Strike
1-1: Called Strike
1-2: Foul Ball, location: 2F
1-2: SINGLE (Line Drive, 7LS, EV 100.6 MPH)
Pitching: RHP Dave Baber
Batting: LHB Harris Vink 0-0: Called Strike
0-1: Ball
1-1: Swinging Strike
1-2: Foul Ball, location: 2F
1-2: Ball
2-2: Hit by Pitch
Sesto Carpini to second
Batting: RHB Bobby Ross 0-0: Swinging Strike
0-1: Swinging Strike
0-2: Strikes out swinging
Batting: SHB Joshua Jackson 0-0: Ball
1-0: Called Strike
1-1: Foul Ball, location: 2F
1-2: Strikes out swinging
Bottom of the 5th over - 0 runs, 1 hit, 0 errors, 2 left on base; Columbus 0 - Trois-Riveres 10
TOP OF THE 6TH
Columbus Reds batting - Pitching for Trois-Riveres Aigles : RHP Julian Black
Batting: RHB Fred Barbour 0-0: Called Strike
0-1: Ball
1-1: Called Strike
1-2: Ball
2-2: Strikes out swinging, 2-3 out at first.
Batting: RHB Mark Ortner 0-0: Called Strike
0-1: Swinging Strike
0-2: Strikes out looking
Batting: RHB Alex de Leon 0-0: Ball
1-0: Fly out, F8 (Line Drive, 8LD, EV 92.5 MPH)
Top of the 6th over - 0 runs, 0 hits, 0 errors, 0 left on base; Columbus 0 - Trois-Riveres 10
BOTTOM OF THE 6TH
Trois-Riveres Aigles batting - Pitching for Columbus Reds : RHP Dave Baber
Batting: RHB Jason Penfield 0-0: Ball
1-0: Ball
2-0: Foul Ball, location: 2F
2-1: SINGLE (Line Drive, 56D, EV 93.8 MPH)
Batting: RHB Josh Harmon 0-0: Ball
1-0: Swinging Strike
1-1: Swinging Strike
1-2: Ball
2-2: Strikes out looking
Pitching: LHP Davy Thorne
Batting: LHB Jonathan Spino 0-0: Fielders Choice at 2nd, 4-6 (Groundball, 4, EV 85.6 MPH)
Batting: RHB Jose Arriola 0-0: Ground out 4-3 (Groundball, 4, EV 88.1 MPH)
Bottom of the 6th over - 0 runs, 1 hit, 0 errors, 1 left on base; Columbus 0 - Trois-Riveres 10
TOP OF THE 7TH
Columbus Reds batting - Pitching for Trois-Riveres Aigles : RHP Julian Black
Batting: LHB Keith Egan 0-0: Foul Ball, location: 2F
0-1: Foul Ball, location: 2F
0-2: Foul Ball, location: 2F
0-2: Ball
1-2: Foul Ball, location: 2F
1-2: Foul Ball, location: 2F
1-2: Ball
2-2: Foul Ball, location: 2F
2-2: Foul Ball, location: 2F
2-2: Foul Ball, location: 2F
2-2: Ball
3-2: Strikes out looking
Batting: RHB Sang-ton Pak 0-0: Swinging Strike
0-1: Fly out, F8 (Flyball, 78D, EV 81.2 MPH)
Batting: RHB Pat McCoy 0-0: Foul Ball, location: 2F
0-1: Ball
1-1: Called Strike
1-2: Strikes out looking
Top of the 7th over - 0 runs, 0 hits, 0 errors, 0 left on base; Columbus 0 - Trois-Riveres 10
BOTTOM OF THE 7TH
Trois-Riveres Aigles batting - Pitching for Columbus Reds : LHP Davy Thorne
Pinch Hitting: RHB T.J. Spina 0-0: Called Strike
0-1: Foul Ball, location: 2F
0-2: Ball
1-2: SOLO HOME RUN (Line Drive, 78XD, EV 113.8 MPH), Distance : 456 ft
Batting: RHB Sesto Carpini 0-0: Called Strike
0-1: Ball
1-1: Ball
2-1: SINGLE (Groundball, 34S, EV 67.5 MPH) (infield hit)
Batting: LHB Harris Vink 0-0: Ball
1-0: Fly out, F6 (Popup, 6MS, EV 72.5 MPH)
Batting: RHB Bobby Ross 0-0: Called Strike
0-1: Ball
1-1: Ball
2-1: Ball
3-1: Called Strike
3-2: Strikes out looking
Sesto Carpini steals 2nd base
Batter strikes out.
Batting: SHB Joshua Jackson 0-0: Swinging Strike
0-1: Foul Ball, location: 2F
0-2: Foul Ball, location: 2F
0-2: Ball
1-2: DOUBLE (Line Drive, 78XD, EV 107.5 MPH)
Sesto Carpini scores
Batting: RHB Jason Penfield 0-0: Ball
1-0: Called Strike
1-1: Swinging Strike
1-2: Ball
2-2: DOUBLE (Flyball, 8RXD, EV 103.8 MPH)
Joshua Jackson scores
Batting: RHB Josh Harmon 0-0: Called Strike
0-1: Foul Ball, location: 2F
0-2: Ball
1-2: Strikes out swinging
Bottom of the 7th over - 3 runs, 4 hits, 0 errors, 1 left on base; Columbus 0 - Trois-Riveres 13
TOP OF THE 8TH
Columbus Reds batting - Pitching for Trois-Riveres Aigles : RHP Julian Black
Now in LF: T.J. Spina
Batting: LHB Tim Kirk 0-0: Ball
1-0: Ball
2-0: Called Strike
2-1: Foul Ball, location: 2F
2-2: Foul Ball, location: 2F
2-2: Ground out 6-3 (Groundball, 6, EV 80.0 MPH)
Batting: RHB R.J. Romberg 0-0: Called Strike
0-1: Swinging Strike
0-2: Strikes out swinging
Batting: RHB Alex Villagomez 0-0: Called Strike
0-1: Swinging Strike
0-2: Strikes out swinging
Top of the 8th over - 0 runs, 0 hits, 0 errors, 0 left on base; Columbus 0 - Trois-Riveres 13
BOTTOM OF THE 8TH
Trois-Riveres Aigles batting - Pitching for Columbus Reds : LHP Davy Thorne
Batting: LHB Jonathan Spino 0-0: Ball
1-0: Called Strike
1-1: Called Strike
1-2: Strikes out looking
Pinch Hitting: RHB Joel Wittmier 0-0: Swinging Strike
0-1: Ball
1-1: Foul Ball, location: 2F
1-2: Foul Ball, location: 2F
1-2: SINGLE (Flyball, 78S, EV 86.9 MPH)
Batting: RHB T.J. Spina 0-0: Ball
Wild Pitch!
Joel Wittmier to second
1-0: Swinging Strike
1-1: Ball
2-1: Foul Ball, location: 2F
2-2: Foul Ball, location: 2F
2-2: Ball
3-2: Strikes out looking
Pinch Hitting: RHB Ryan Holzwart 0-0: SINGLE (Groundball, 34D, EV 100.6 MPH)
Joel Wittmier to third
Runner from 3rd tries for Home, SAFE, throw by RF to home
Ryan Holzwart to second
Batting: LHB Harris Vink 0-0: Ball
1-0: DOUBLE (Line Drive, 3D, EV 97.5 MPH)
Ryan Holzwart scores
Batting: RHB Bobby Ross 0-0: Ball
1-0: Called Strike
1-1: Ball
2-1: Ball
3-1: Base on Balls
Batting: SHB Joshua Jackson 0-0: Called Strike
0-1: Ball
1-1: Ball
2-1: Ball
3-1: Foul Ball, location: 2F
3-2: Strikes out swinging
Bottom of the 8th over - 2 runs, 3 hits, 0 errors, 2 left on base; Columbus 0 - Trois-Riveres 15
TOP OF THE 9TH
Columbus Reds batting - Pitching for Trois-Riveres Aigles : RHP Julian Black
Now at 1B: Joel Wittmier
Now at SS: Ryan Holzwart
Batting: RHB Fred Barbour 0-0: Ball
1-0: Ball
2-0: Ball
3-0: Called Strike
3-1: Foul Ball, location: 2F
3-2: Foul Ball, location: 2F
3-2: Strikes out swinging
Batting: RHB Mark Ortner 0-0: Foul Ball, location: 2F
0-1: Foul Ball, location: 2F
0-2: Ball
1-2: Ground out 4-3 (Groundball, 4, EV 90.6 MPH)
Batting: RHB Alex de Leon 0-0: Hit by Pitch
Batting: LHB Keith Egan 0-0: Ground out 4-3 (Groundball, 4, EV 111.2 MPH)
Top of the 9th over - 0 runs, 0 hits, 0 errors, 1 left on base; Columbus 0 - Trois-Riveres 15
Wednesday, June 22nd , 2022 - OOTP Baseball 23.4 Build 64